 Dungeon Crawl Stone Soup version 0.27-a0-1200-g94dc6ad4cf (webtiles) character file.

Game seed: 5757327941249763646

476 porpoise the Conjurer (level 6, -17/33 HPs)
             Began as a Deep Elf Conjurer on May 30, 2021.
             Demolished by an ogre
             ... wielding a +0 giant spiked club
              (30 damage)
             ... on level 4 of the Dungeon.
             The game lasted 00:12:10 (4306 turns).

porpoise the Conjurer (Deep Elf Conjurer)           Turns: 4306, Time: 00:12:10

Health: -17/33     AC:  2    Str: 11    XL:     6   Next: 84%
Magic:  7/18       EV: 12    Int: 24    God:
Gold:   125        SH:  0    Dex: 13    Spells: 5/19 levels left

rFire    . . .     SeeInvis .   b - +0 hunting sling
rCold    . . .     Faith    .   (no shield)
rNeg     . . .     Spirit   .   d - +0 robe
rPois    +         Reflect  .   (no helmet)
rElec    .         Harm     .   (no cloak)
rCorr    .         Rampage  .   (no gloves)
Will     .....                  (no boots)
Stlth    ++........             (no amulet)
HPRegen  0.11/turn              e - +6 ring of strength
MPRegen  0.16/turn              k - ring of poison resistance

@: no status effects
A: no striking features
a: no special abilities


You were on level 4 of the Dungeon.
You visited 1 branch of the dungeon, and saw 4 of its levels.

You collected 125 gold pieces.

Inventory:

Hand Weapons
 a - a +0 trident of venom
 b - a +0 hunting sling (weapon)
 w - a +0 dagger of electrocution
Missiles
 f - 27 arrows
 i - 32 poisoned darts
 j - 29 stones (quivered ammo)
 p - 27 bolts
Armour
 d - a +0 robe (worn)
Jewellery
 e - a +6 ring of strength (left hand)
 k - a ring of poison resistance (right hand)
Wands
 t - a wand of polymorph (5)
Scrolls
 g - a scroll of fog {unknown}
 m - a scroll of acquirement {unknown}
 n - a scroll of enchant armour {unknown}
 o - a scroll of immolation {unknown}
Potions
 c - a potion of might {unknown}
 h - a potion of curing {unknown}
 l - a potion of brilliance {unknown}
 q - a potion of flight {unknown}
 r - a potion of lignification {unknown}
 s - 2 potions of attraction {unknown}


   Skills:
 + Level 0.7 Fighting
 - Level 2.4 Dodging
 - Level 2.4 Stealth
 - Level 7.0 Spellcasting
 + Level 7.2 Conjurations


You had 5 spell levels left.
You knew the following spells:

 Your Spells              Type           Power      Damage    Failure   Level
a - Magic Dart            Conj           100%       1d8       1%          1
b - Searing Ray           Conj           86%        3d6       1%          2
c - Iskenderun's Mystic   Conj/Tloc      25%        2d7       16%         4
d - Fulminant Prism       Conj/Hex       12%        3d9       16%         4
w - Swiftness             Air            8%         N/A       22%         3

Your spell library contained the following spells:

 Spells                   Type           Power      Damage    Failure   Level
 Dazzling Flash           Conj/Hex       50%        N/A       4%          3
 Summon Small Mammal      Summ           32%        N/A       7%          1
 Poisonous Vapours        Pois/Air       16%        N/A       11%         2
 Lightning Bolt           Conj/Air       12%        1d26      41%         5
 Summon Lightning Spire   Summ/Air       8%         N/A       56%         4


Dungeon Overview and Level Annotations

Branches:
Dungeon (4/15)
 Temple: D:4-7

Altars:


Message History

You kill the goblin!
You shoot a stone. The stone hits the endoplasm.
The endoplasm is moderately wounded.
You shoot a stone. The stone hits the endoplasm.
The endoplasm is heavily wounded.
Casting: Searing Ray (safe; 1% risk of failure)
Confirm with . or Enter, or press ? or * to list all spells.
Aiming: Searing Ray (safe; 1% risk of failure)
Press: ? - help, Shift-Dir - straight line, f/p - endoplasm
Aim: an endoplasm (heavily wounded, 98% to hit)
The searing ray hits the endoplasm.
You kill the endoplasm! (Press . to maintain the ray.)
An ogre comes into view. It is wielding a +0 giant spiked club.
The searing ray hits the giant cockroach!
You kill the giant cockroach!
The ogre shouts!
You shoot a stone. The stone barely misses the ogre.
You shoot a stone. The stone hits the ogre.
The ogre is lightly wounded.
Casting: Searing Ray (safe; 1% risk of failure)
Confirm with . or Enter, or press ? or * to list all spells.
Aiming: Searing Ray (safe; 1% risk of failure)
Press: ? - help, Shift-Dir - straight line, f/p - ogre
Aim: an ogre, wielding a +0 giant spiked club (lightly wounded, 91% to hit)
The searing ray hits the ogre.
The ogre is moderately wounded. (Press . to maintain the ray.)
The searing ray hits the ogre!
The ogre is heavily wounded.
The searing ray hits the ogre!
The ogre is severely wounded.
The ogre hits you with a +0 giant spiked club!!
Ouch! That really hurt!
The searing ray hits the ogre.
The ogre is almost dead.
You finish channeling your searing ray.
The ogre misses you.
The ogre hits you with a +0 giant spiked club!!
Ouch! That really hurt!
You die...

######### #.... #.......#
#.... #.......# ######....
#.......# ##....<....
#.......#######..####....
#.........).....## #....
#.......######### #....
..........##....# #....
........###@.....#######.#..
.#.#........O.............##
#.####.##.†.............[.#
. ..###.!.(.......[..... ..
....((............
#.................
..................
....(.(...........
.............


You could see an ogre.

Vanquished Creatures
  The ghost of iNFECTIOUSiTCH the Sneak, an amateur OpBe of Trog (D:3)
  A water moccasin zombie (D:3)
  A scorpion zombie (D:4)
  2 orc wizards (D:3)
  Natasha (thrice) (D:2)
  6 adders
  2 dart slugs (D:1)
  6 orcs
  6 ball pythons
  6 bats
  4 endoplasms
  5 giant cockroaches
  8 goblins
  9 hobgoblins
  11 jackals
  5 quokkas
  A frilled lizard (D:2)
  6 kobolds
  6 rats
89 creatures vanquished.

Notes
Turn   | Place    | Note
-------+----------+-------------------------------------------
     0 | D:1      | porpoise the Deep Elf Conjurer began the quest for the Orb.
     0 | D:1      | Reached XP level 1. HP: 10/10 MP: 6/6
   240 | D:1      | Reached XP level 2. HP: 7/15 MP: 0/8
   501 | D:1      | Learned a level 2 spell: Searing Ray
   761 | D:1      | Reached skill level 5 in Conjurations
   761 | D:1      | Reached XP level 3. HP: 15/19 MP: 3/10
   925 | D:1      | Found a faded altar of an unknown god.
  1709 | D:2      | Noticed Natasha
  1712 | D:2      | Killed Natasha
  1713 | D:2      | Reached XP level 4. HP: 24/24 MP: 8/12
  1953 | D:2      | Noticed Natasha
  1956 | D:2      | Killed Natasha
  1957 | D:2      | Reached skill level 5 in Spellcasting
  1989 | D:2      | Noticed Natasha
  1995 | D:2      | Killed Natasha
  2327 | D:2      | Reached XP level 5. HP: 28/28 MP: 11/14
  3214 | D:3      | Reached XP level 6. HP: 27/32 MP: 10/17
  3492 | D:3      | Found a large runed translucent door.
  3493 | D:3      | Found a large runed translucent door.
  3494 | D:3      | Identified the Incunabulum of Calling and Weightlessness
  3497 | D:3      | Noticed iNFECTIOUSiTCH's ghost (amateur OpBe)
  3506 | D:3      | Killed iNFECTIOUSiTCH's ghost
  3512 | D:3      | Learned a level 4 spell: Iskenderun's Mystic Blast
  3517 | D:3      | Learned a level 4 spell: Fulminant Prism
  3521 | D:3      | Learned a level 3 spell: Swiftness
  4306 | D:4      | Demolished by an ogre

Illustrated notes

Levels and vault maps discovered:
D:1:      sevenhm_arrival_forest_fort_small_4, layout_rooms,
          basic_ecumenical_altar, minmay_hexomino_f4
D:2:      layout_rooms, minmay_misc_feat_roman, uniq_natasha
D:3:      layout_rooms, ebering_ghost_disaster_area
D:4:      layout_rooms

Skill      XL: |  1  2  3  4  5  6 |
---------------+-------------------+-----
Spellcasting   | 4 5 6 7 |  7.0
Conjurations   | 5 6 7 |  7.2
Fighting       | |  0.7
Dodging        | |  2.4
Stealth        | |  2.4

Action                   |  1- 3 |  4- 6 || total
-------------------------+-------+-------++-------
Melee: Dagger            |     3 |       ||     3
       Short sword       |     1 |       ||     1
 Fire: Hunting sling     |       |    21 ||    21
 Cast: Magic Dart        |    64 |    27 ||    91
       Searing Ray       |     4 |    31 ||    35
 Stab: Sleeping          |     1 |       ||     1
Armor: Robe              |     4 |     1 ||     5
Dodge: Dodged            |     5 |     8 ||    13

Table legend: (Time is in decaauts)
 A = Elapsed time spent in this place.
 B = Non-inter-level travel time spent in this place.
 C = Inter-level travel time spent in this place.
 D = Time resting spent in this place.
 E = Time spent auto-exploring this place.
 F = Levels seen in this place.
 G = Mean time per level.
                   A        B        C        D        E       F      G
               +--------+--------+--------+--------+--------+-----+--------+
         Total |   4329 |   4238 |     91 |   2118 |   1684 |   4 | 1082.2 |
       Dungeon |   4329 |   4238 |     91 |   2118 |   1684 |   4 | 1082.2 |
               +--------+--------+--------+--------+--------+-----+--------+

Top non-repeatable levels by time:
     D:2: 1548 daAuts
     D:1: 1337 daAuts
     D:3: 1293 daAuts
     D:4: 150 daAuts
